 Dungeon Crawl Stone Soup version 0.25-a0-598-gc9c9e4cfe1 (webtiles) character file.

Game seed: 2370404164247077399, levelgen mode: deterministic

1753328 magipi the Hoplite (level 27, 223/223 HPs)
             Began as a Minotaur Fire Elementalist on Mar 14, 2020.
             Was a High Priest of Hepliaklqana.
             Escaped with the Orb
             ... and 3 runes on Mar 15, 2020!
             The game lasted 04:49:58 (70756 turns).

magipi the Hoplite (Minotaur Fire Elementalist)    Turns: 70756, Time: 04:49:59

Health: 223/223    AC: 43    Str: 24    XL:     27
Magic:  32/34      EV: 15    Int: 12    God:    Hepliaklqana [*****.]
Gold:   6004       SH: 27    Dex: 15    Spells: 28/28 levels left

rFire    + + .     SeeInvis +   a - +9 demon trident (vamp)
rCold    + + .     Gourm    .   F - +1 tower shield {AC+3}
rNeg     + . .     Faith    .   V - +9 gold dragon scales
rPois    +         Spirit   .   k - -1 hat "Saefamnu" {rC+ Dex+2}
rElec    +         Reflect  .   Y - +0 cloak "Lyvimon" {*Drain rElec MR+++ SInv}
rCorr    .         Harm     .   m - +3 pair of gauntlets of War {Slay+5}
MR       +++++                  p - +2 pair of boots {Fly}
Stlth    ..........             r - amulet of regeneration
HPRegen  0.87/turn              e - ring "Voirorchua" {rElec Str+2 Slay+3 Stlth-}
MPRegen  0.24/turn              f - ring of Hulye {rF+ rN+ SInv}

@: hasted, very quick
A: retaliatory headbutt, reduced essence, horns 2, low mp 1, weak 1
0: Orb of Zot
}: 3/15 runes: decaying, serpentine, slimy
a: Recall Ancestor, Ancestor Identity, Transference, Idealise, Renounce
Religion, Evoke Flight


You escaped.
You worshipped Hepliaklqana.
Hepliaklqana was extremely pleased with you.
You were very full.

You visited 10 branches of the dungeon, and saw 53 of its levels.
You visited the Abyss 1 time.
You also visited: Trove, Bailey, Gauntlet and Ice Cave.

You collected 15654 gold pieces.
You spent 9650 gold pieces at shops.

Inventory:

Hand Weapons
 a - a +9 vampiric demon trident (weapon)
   (You took it off Donald on level 1 of the Snake Pit)
Missiles
 y - 4 javelins
 L - 18 silver javelins
 O - 11 curare-tipped darts
 W - 9 throwing nets (quivered)
Armour
 k - the -1 hat "Saefamnu" (worn) {rC+ Dex+2}
   (You found it in a Gauntlet)

   It affects your dexterity (+2).
   It protects you from cold.
 m - the +3 pair of gauntlets of War (worn) {Slay+5}
   (You found it in a treasure trove)

   It affects your accuracy and damage with ranged weapons and melee attacks
   (+5).
 p - a +2 pair of boots of flying (worn)
   (You found it on level 5 of the Pits of Slime)
 F - a +1 tower shield of protection (worn)
   (You found it on level 1 of the Realm of Zot)
 V - +9 gold dragon scales (worn)
   (You found it on level 5 of the Depths)
 Y - the +0 cloak "Lyvimon" (worn) {*Drain rElec MR+++ SInv}
   (You found it in a Gauntlet)

   It insulates you from electricity.
   It affects your resistance to hostile enchantments.
   It lets you see invisible.
   It causes draining when unequipped.
Jewellery
 e - the ring "Voirorchua" (left hand) {rElec Str+2 Slay+3 Stlth-}
   (You found it in a Gauntlet)

   [ring of slaying]

   It affects your strength (+2).
   It affects your accuracy and damage with ranged weapons and melee attacks
   (+3).
   It insulates you from electricity.
   It makes you less stealthy.
 f - the ring of Hulye (right hand) {rF+ rN+ SInv}
   (You bought it in a shop on level 1 of the Orcish Mines)

   [ring of see invisible]

   It protects you from fire.
   It protects you from negative energy.
   It lets you see invisible.
 n - the ring of Vuifuzok {+Blink Str+2 Slay+2}
   (You found it in a treasure trove)

   [ring of slaying]

   It affects your strength (+2).
   It affects your accuracy and damage with ranged weapons and melee attacks
   (+2).
   It lets you blink.
 o - an uncursed ring of resist corrosion
   (You found it on level 1 of the Lair of Beasts)
 r - an amulet of regeneration (around neck)
   (You took it off an orc on level 8 of the Dungeon)
Wands
 d - a wand of digging (1)
   (You found it on level 8 of the Dungeon)
 h - a wand of clouds (3)
   (You found it on level 1 of the Realm of Zot)
 u - a wand of iceblast (30)
   (You bought it in a shop on level 2 of the Orcish Mines)
 w - a wand of polymorph (29)
   (You found it on level 1 of the Snake Pit)
 B - a wand of acid (4)
   (You found it on level 5 of the Realm of Zot)
 I - a wand of scattershot (4)
   (You found it on level 2 of the Lair of Beasts)
 K - a wand of paralysis (35)
   (You found it on level 5 of the Lair of Beasts)
 U - a wand of enslavement (5)
   (You bought it in a shop on level 1 of the Vaults)
Scrolls
 j - 17 scrolls of identify
 q - 5 scrolls of fog
 s - 2 scrolls of blinking
 t - 23 scrolls of teleportation
 v - 2 scrolls of summoning
 z - 3 scrolls of holy word
 J - 4 scrolls of fear
 M - 2 scrolls of immolation
 T - 25 scrolls of remove curse
 Z - a scroll of magic mapping
Potions
 i - 15 potions of curing
 l - 3 potions of might
 A - 3 potions of haste
 C - 4 potions of cancellation
 G - 3 potions of ambrosia
 P - 6 potions of mutation
 Q - 3 potions of invisibility
 R - 3 potions of magic
 S - 4 potions of resistance
 X - a potion of heal wounds
Miscellaneous
 b - a lamp of fire
   (You found it on level 2 of the Depths)
 c - 2 phantom mirrors
 g - a phial of floods
   (You found it in a Gauntlet)
 E - a lightning rod (4/4)
   (You found it on level 8 of the Dungeon)
 H - a box of beasts
 N - 2 sacks of spiders
Comestibles
 x - 85 rations


   Skills:
 + Level 20.7 Fighting
 - Level 14.0 Polearms
 - Level 16.0 Throwing
 - Level 19.0 Armour
 - Level 19.0 Dodging
 - Level 1.5 Stealth
 - Level 25.0 Shields
 - Level 1.3 Spellcasting
   Level 0.6 Conjurations
   Level 2.1 Fire Magic
 + Level 23.8 Invocations
 + Level 16.6 Evocations


You had 28 spell levels left.
You didn't know any spells.
Your spell library contained the following spells:

 Spells                   Type           Power        Failure   Level  Hunger
 Foxfire                  Conj/Fire      #...         97%         1    ##.....
 Animate Skeleton         Necr           N/A          99%         1    ##.....
 Infusion                 Chrm           #...         99%         1    ##.....
 Magic Dart               Conj           #...         99%         1    ##.....
 Pain                     Necr           #...         99%         1    ##.....
 Sandblast                Erth           #.....       99%         1    ##.....
 Shock                    Conj/Air       #...         99%         1    ##.....
 Summon Small Mammal      Summ           #...         99%         1    ##.....
 Searing Ray              Conj           #.....       99%         2    ###....
 Blink                    Tloc           N/A          100%        2    ###....
 Call Imp                 Summ           #.......     100%        2    ###....
 Corpse Rot               Necr/Air       N/A          100%        2    ###....
 Ensorcelled Hibernation  Hex/Ice        #.....       100%        2    ###....
 Passwall                 Tmut/Erth      #.......     100%        2    ###....
 Shroud of Golubria       Chrm/Tloc      #.....       100%        2    ###....
 Slow                     Hex            #.......     100%        2    ###....
 Song of Slaying          Chrm           #.......     100%        2    ###....
 Sublimation of Blood     Necr           #.........   100%        2    ###....
 Swiftness                Chrm/Air       #.......     100%        2    ###....
 Call Canine Familiar     Summ           #.......     100%        3    ####...
 Conjure Flame            Conj/Fire      #.......     100%        3    ####...
 Dazzling Flash           Conj/Hex       #.....       100%        3    ####...
 Gell's Gravitas          Tloc           #.........   100%        3    ####...
 Ignite Poison            Fire/Tmut/Pois #.......     100%        3    ####...
 Inner Flame              Hex/Fire       #.......     100%        3    ####...
 Lesser Beckoning         Tloc           #.........   100%        3    ####...
 Mephitic Cloud           Conj/Pois/Air  #.......     100%        3    ####...
 Ozocubu's Armour         Chrm/Ice       #.......     100%        3    ####...
 Portal Projectile        Hex/Tloc       #.....       100%        3    ####...
 Recall                   Summ/Tloc      N/A          100%        3    ####...
 Spectral Weapon          Hex/Chrm       #.......     100%        3    ####...
 Static Discharge         Conj/Air       #.......     100%        3    ####...
 Stone Arrow              Conj/Erth      #.....       100%        3    ####...
 Summon Guardian Golem    Hex/Summ       #.......     100%        3    ####...
 Teleport Other           Tloc           #.......     100%        3    ####...
 Vampiric Draining        Necr           #.........   100%        3    ####...
 Airstrike                Air            #.........   100%        4    #####..
 Animate Dead             Necr           N/A          100%        4    #####..
 Cause Fear               Hex            #.........   100%        4    #####..
 Dispel Undead            Necr           #.......     100%        4    #####..
 Fulminant Prism          Conj/Hex       #.........   100%        4    #####..
 Ice Form                 Ice/Tmut       #.......     100%        4    #####..
 Iskenderun's Mystic Bla  Conj/Tloc      #.......     100%        4    #####..
 Leda's Liquefaction      Hex/Erth       #.........   100%        4    #####..
 Petrify                  Tmut/Erth      #.......     100%        4    #####..
 Sticky Flame             Conj/Fire      #.......     100%        4    #####..
 Summon Ice Beast         Ice/Summ       #.......     100%        4    #####..
 Summon Lightning Spire   Summ/Air       #.......     100%        4    #####..
 Agony                    Necr           #.......     100%        5    ######.
 Alistair's Intoxication  Tmut/Pois      #.......     100%        5    ######.
 Aura of Abjuration       Summ           #.........   100%        5    ######.
 Bolt of Magma            Conj/Fire/Erth #.........   100%        5    ######.
 Borgnjor's Vile Clutch   Necr/Erth      #.........   100%        5    ######.
 Excruciating Wounds      Chrm/Necr      #.........   100%        5    ######.
 Fireball                 Conj/Fire      #.........   100%        5    ######.
 Iskenderun's Battlesphe  Conj/Chrm      #.......     100%        5    ######.
 Lee's Rapid Deconstruct  Erth           #.........   100%        5    ######.
 Lightning Bolt           Conj/Air       #.........   100%        5    ######.
 Metabolic Englaciation   Hex/Ice        #.........   100%        5    ######.
 Silence                  Hex/Air        #.........   100%        5    ######.
 Summon Demon             Summ           #.........   100%        5    ######.
 Summon Forest            Summ/Tloc      #.........   100%        5    ######.
 Summon Mana Viper        Hex/Summ       #.......     100%        5    ######.
 Yara's Violent Unravell  Hex/Tmut       #.........   100%        5    ######.
 Darkness                 Hex            #.........   100%        6    #######
 Deflect Missiles         Chrm/Air       #.........   100%        6    #######
 Dispersal                Tloc           #.........   100%        6    #######
 Freezing Cloud           Conj/Ice/Air   #.........   100%        6    #######
 Invisibility             Hex            #.......     100%        6    #######
 Iron Shot                Conj/Erth      #.........   100%        6    #######
 Ozocubu's Refrigeration  Ice            #.........   100%        6    #######
 Shadow Creatures         Summ           N/A          100%        6    #######
 Simulacrum               Ice/Necr       #.........   100%        6    #######
 Starburst                Conj/Fire      #.........   100%        6    #######
 Orb of Destruction       Conj           #.........   100%        7    #######
 Ring of Flames           Chrm/Fire      #.........   100%        7    #######
 Spellforged Servitor     Conj/Summ      #.........   100%        7    #######
 Controlled Blink         Tloc           N/A          100%        8    #######
 Discord                  Hex            #.........   100%        8    #######
 Disjunction              Tloc           #.........   100%        8    #######
 Ignition                 Fire           #.........   100%        8    #######
 Shatter                  Erth           #.........   100%        9    #######
 Tornado                  Air            #.........   100%        9    #######
 Passage of Golubria      Tloc           Unusable     N/A         4    N/A

Dungeon Overview and Level Annotations

Branches:
Dungeon (15/15)            Temple (0/1) D:6            Lair (6/6) D:8
  Swamp (4/4) Lair:2        Snake (4/4) Lair:3        Slime (5/5) Lair:6
    Orc (2/2) D:10            Elf (3/3) Orc:2        Vaults (4/5) D:13
  Crypt (0/3) Vaults:2     Depths (5/5) D:15            Zot (5/5) Depths:5
 Bailey (visited)           IceCv (visited)         Gauntlet (visited)

Altars:
Ashenzari
Cheibriados
Dithmenos
Hepliaklqana
Kikubaaqudgha
Makhleb
Nemelex Xobeh
Qazlal
Ru
Trog
Uskayaw
Vehumet
Xom
Yredelemnul
Zin
The Shining One
Beogh
Jiyva

Shops:
D:6 *   D:12 :   D:15 *   Orc:1 :[=(   Orc:2 *[=([   Elf:1 :   Elf:3 [
Vaults:1 =}%!:   Vaults:3 }   Depths:1 (   Depths:2 ==}   Depths:3 *
Depths:5 *

Portals:
Hell: Depths:1 Depths:2 Depths:3 Depths:4 Depths:5
Abyss: Depths:4
Pandemonium: Depths:1 Depths:2 Depths:3 Depths:5
Ziggurat: Depths:1

Annotations:
Lair:6 exclusion: oklob plant
Swamp:1 exclusion: Roxanne, Roxanne
Elf:1 6 runed translucent doors
Elf:2 3 runed translucent doors


Innate Abilities, Weirdness & Mutations

You reflexively headbutt those who attack you in melee.
You have a pair of horns on your head.
Your life essence is reduced to manifest your ancestor. (-10% HP)
Your magical capacity is low. (-10% MP)
You are weak. (Str -2)


Message History

(D) Dungeon (T) Temple (L) Lair (S) Swamp (P) Snake Pit (M) Slime Pits (O) Orcish Mines (E) Elven Halls (V) Vaults (C) Crypt (U) Depths (H) Hell (Z) Zot
Where to? (Enter - D:1 @ (x,y), ? - help)
What level of the Dungeon? (default 1, ? - help)
You climb upwards.
There is a stone staircase leading down here.
A hell beast comes into view.
There is a stone staircase leading up here.
Unknown command.
You climb upwards.
There is a stone staircase leading down here.
(D) Dungeon (T) Temple (L) Lair (S) Swamp (P) Snake Pit (M) Slime Pits (O) Orcish Mines (E) Elven Halls (V) Vaults (C) Crypt (U) Depths (H) Hell (Z) Zot
Where to? (Enter - D:1 @ (x,y), ? - help)
What level of the Dungeon? (default 1, ? - help)
There is an open door here.
There is an open door here.
There is an open door here.
There is an open door here.
There is a stone staircase leading up here.
You climb upwards.
There is a stone staircase leading down here.
There is a stone staircase leading up here.
You climb upwards.
There is a stone staircase leading down here.
There is an open door here.
There is a stone staircase leading up here.
You climb upwards.
There is a stone staircase leading down here.
There is an open door here.
There is an escape hatch in the ceiling here.
A mysterious force pulls you upwards. The hatch slams shut behind you.
Things that are here:
a +0 cloak; a +2 dagger of holy wrath
There is a stone staircase leading up here.
You climb upwards.
There is a stone staircase leading down here.
You swap places.
You see here a stone.
There is a stone staircase leading up here.
You climb upwards.
There is a stone staircase leading down here.
You see here a long sword.
There is a stone staircase leading up here.
You climb upwards.
There is a stone staircase leading down here.
There is a stone staircase leading up here.
You climb upwards.
There is a stone staircase leading down here.
There is a stone staircase leading up here.
You climb upwards.
There is a stone staircase leading down here.
You swap places.
There is a stone staircase leading down here.
You see here a +0 club.
There is a stone staircase leading up here.
You climb upwards.
There is a stone staircase leading down here.
The adder hisses angrily.
The adder is too close now for your liking.
There is a stone staircase leading up here.
Unknown command.
You climb upwards.
There is a stone staircase leading down here.
(D) Dungeon (T) Temple (L) Lair (S) Swamp (P) Snake Pit (M) Slime Pits (O) Orcish Mines (E) Elven Halls (V) Vaults (C) Crypt (U) Depths (H) Hell (Z) Zot
Where to? (Enter - D:1 @ (x,y), ? - help) Toxoxoug comes into view.
Unknown command.
Press: ? - help, v - describe, . - travel
Here: Toxoxoug The floor.
Unknown command.
You feel yourself speed up. Toxoxoug gestures at you.
The bolt of negative energy misses you.
An orange demon comes into view.
Evoke which item? (* to show all) (? for menu, Esc to quit)
Aiming: Dig
Press: ? - help, Shift-Dir - straight line A rock wall.
This square is covered in magical glow.
The rock shatters into small pieces.
There is an open door here.
You see here a +0 club.
There is a staircase leading out of the dungeon here.
Bohike is recalled.
Unknown command.
Unknown command.
Unknown command.
Unknown command.
Unknown command.
Unknown command.
You have escaped!

........###.####.##
###..
#####...##'#.##...##
#.. #...##.##'.....#
#.. #..##.÷.###...##
#.. #.##.....###.## #..
#.#...)...##'# ##..
#.##.....###)## ##.#.
#####.###..÷###...##
##.##. ......#
##.##'..@..# ##.###.
#.#.######'#.##.R.###
##.## #.
#.#......##.####.##.#
##R#####&
#.############ #'##.#
##.#...... #.## #...#
#.#..####.##.####. #..#
###.# #......R.....# #.
##.# #.#
######...##.#####. #.#
##.## ##.............
#.#
#...#####..........####


You could see the friendly Bohike the hexer.

Vanquished Creatures
  the Royal Jelly (Slime:5)
  Mara (Depths:3)
  4 ancient liches (Zot:5)
  3 orbs of fire
  Sojobo (Depths:3)
  7 Killer Klowns
  Xtahua (Vaults:2)
  4 caustic shrikes
  8 golden dragons
  2 curse toes
  A bone dragon (Depths:5)
  2 electric golems
  11 tentacled monstrosities
  22 Orb Guardians (Zot:5)
  A deep elf blademaster (Elf:3)
  2 liches
  A titan (Depths:4)
  3 quicksilver dragons
  3 deep elf master archers
  11 acid blobs
  3 tentacled starspawn (Abyss:5)
  3 sphinxes
  Kirke (D:12)
  8 storm dragons
  7 death cobs
  Agnes (D:14)
  8 shadow dragons
  10 tengu reavers
  Donald (Snake:1)
  2 thorn hunters
  13 nagarajas
  6 deep elf sorcerers
  3 draconian monks
  6 azure jellies
  10 draconian knights
  6 ghost moths
  4 fire giants
  5 draconian scorchers
  5 vault wardens
  8 frost giants
  An iron dragon (Depths:3)
  A cacodemon (Abyss:4)
  An orc warlord (Orc:2)
  Aizul (Snake:1)
  A draconian stormcaller (Zot:4)
  A reaper (Depths:3)
  2 angels (Depths:1)
  6 draconian shifters
  4 deep elf elementalists
  6 ironheart preservers
  16 very ugly things
  19 stone giants
  12 green draconians
  10 starcursed masses (Abyss:5)
  2 entropy weavers
  11 black draconians
  7 deep elf demonologists
  2 vampire knights
  A minotaur (Gauntlet)
  9 yellow draconians
  9 purple draconians
  2 lorocyprocas (Depths:4)
  15 spark wasps
  3 white draconians
  Azrael (Snake:1)
  8 red draconians
  5 deep elf annihilators
  7 deep elf death magi
  A crystal guardian (Depths:4)
  Snorg (Lair:3)
  8 fire dragons
  3 death oozes (Slime:5)
  A green death (Abyss:5)
  9 yaktaur captains
  15 ettins
  6 great orbs of eyes
  7 deep elf high priests
  19 naga warriors
  13 ice dragons
  16 hydras
  A hell beast (Depths:2)
  A caustic shrike simulacrum (Depths:3)
  9 centaur warriors
  11 vault guards
  17 anacondas
  7 spriggan air magi
  2 rakshasas (Depths:3)
  37 two-headed ogres
  3 shambling mangroves
  3 vampire magi
  5 death yaks
  6 deep troll shamans
  11 tengu warriors
  3 death knights
  7 alligators
  A thrashing horror (Abyss:5)
  6 deep troll earth magi
  9 dancing weapons
  6 spriggan berserkers
  2 hell knights (Depths:4)
  4 orc high priests
  9 naga sharpshooters
  10 shock serpents
  12 ogre magi
  3 sun demons
  21 deep elf knights
  Sonja (D:11)
  A titan skeleton (Depths:3)
  A shadow wraith (Abyss:5)
  7 salamander mystics
  6 large abominations
  2 skeletal warriors
  2 wretched stars (Abyss:5)
  3 iron trolls
  3 unseen horrors
  2 sixfirhies
  An infernal demonspawn (Depths:3)
  2 swamp dragons
  3 glowing orange brains
  4 wizards
  4 spriggan druids
  6 naga ritualists
  23 deep elf archers
  3 flayed ghosts
  A deep troll (shapeshifter) (Depths:1)
  26 deep trolls
  14 ironbrand convokers
  A sphinx zombie (D:15)
  3 necromancers
  2 phantasmal warriors
  13 orc knights
  A shadow dragon zombie (Depths:3)
  7 oklob plants
  7 lindwurms
  54 ugly things
  3 wolf spiders
  A fire giant zombie (D:15)
  53 deep elf magi
  4 harpies
  10 mana vipers
  3 orc sorcerers
  19 moths of wrath
  3 shining eyes
  A moth of wrath (shapeshifter) (Depths:4)
  A wolf spider (shapeshifter) (Depths:4)
  2 salamanders (shapeshifter)
  3 cyclopes
  13 salamanders
  A worldbinder (Abyss:5)
  2 manticores
  Maurice (D:8)
  A rust devil (Depths:2)
  An elf zombie (D:15)
  An apocalypse crab (Abyss:5)
  8 elephants
  15 guardian serpents
  3 centaur zombies
  A black mamba (shapeshifter) (Vaults:4)
  26 black mambas
  2 ice statues (IceCv)
  25 naga magi
  7 smoke demons
  An eye of devastation (Slime:1)
  3 orange demons (Abyss:4)
  6 vault sentinels
  11 spiny frogs
  A hellion (Abyss:5)
  Psyche (D:8)
  5 torpor snails (Lair:6)
  5 rime drakes
  34 yaktaurs
  11 freezing wraiths
  7 komodo dragons
  4 centaur skeletons
  5 ancient zymes (Abyss:5)
  A demonic crawler (Abyss:5)
  A hellwing (Abyss:5)
  4 efreet
  A komodo dragon (shapeshifter) (Depths:4)
  An ice devil (Gauntlet)
  A guardian mummy (D:15)
  9 small abominations
  A queen bee (D:11)
  7 trolls
  3 red devils
  A meliai (D:11)
  4 tengu conjurers
  A troll (shapeshifter) (Vaults:2)
  A jumping spider (Vaults:2)
  A polar bear (shapeshifter) (Depths:4)
  9 polar bears
  7 bog bodies
  10 tyrant leeches
  20 hornets
  37 slime creatures
  A dream sheep (shapeshifter) (Depths:5)
  6 blink frogs
  4 raiju (Abyss:5)
  20 hippogriffs
  5 dream sheep
  A frost giant simulacrum (Depths:3)
  A raiju (shapeshifter) (Depths:4)
  A redback (Vaults:2)
  3 air elementals
  4 spriggans
  A spriggan (shapeshifter) (Vaults:1)
  A tarantella (Vaults:2)
  3 ynoxinuls (Abyss:5)
  A water elemental (Elf:1)
  3 vampires (D:14)
  11 wyverns
  8 wraiths
  Eustachio (D:5)
  3 hogs (D:12)
  3 golden eyes (Slime:5)
  7 swamp worm simulacra (Swamp:4)
  19 yaks
  4 fire elementals
  5 basilisks
  A chaos spawn (Depths:5)
  22 vampire mosquitoes
  2 neqoxecs (Abyss:5)
  2 hungry ghosts
  56 nagas
  2 soldier ants (shapeshifter)
  3 insubstantial wisps (Swamp:4)
  8 wargs
  12 water moccasins
  An acid dragon (Vaults:2)
  A soldier ant (Gauntlet)
  13 swamp worms
  12 hydra simulacra (Swamp:4)
  15 hell hounds
  5 porcupines
  9 swamp drakes
  45 orc warriors
  A hornet zombie (D:15)
  An ice beast (shapeshifter) (Depths:2)
  11 ice beasts
  2 eyes of draining
  A necrophage (D:9)
  3 phantoms
  4 sky beasts
  9 black bears
  6 boggarts
  29 ogres
  12 centaurs
  14 wolves
  A centaur (shapeshifter) (Vaults:4)
  2 crocodiles
  4 big kobolds
  14 bullfrogs
  2 human simulacra (Vaults:1)
  4 earth elementals
  7 hexers
  A scorpion (D:9)
  33 killer bees
  5 wights
  3 electric eels (D:11)
  3 lava snakes (Snake:3)
  10 crimson imps
  A howler monkey (D:11)
  3 bullfrog zombies
  3 quasits
  A jelly (Lair:6)
  3 hounds
  13 orc priests
  2 bullfrog skeletons
  2 iguanas
  22 orc wizards
  9 worker ants
  A killer bee zombie (D:8)
  A worker ant zombie (D:9)
  Robin (D:4)
  A gnoll (shapeshifter) (Depths:3)
  6 gnolls
  A howler monkey skeleton (D:7)
  21 adders
  3 shadow imps
  6 white imps
  3 ufetubi
  An ooze (D:7)
  A swamp drake simulacrum (Swamp:4)
  2 adder zombies
  3 worms
  4 dart slugs
  10 leopard geckos
  88 orcs
  9 giant cockroaches
  2 gnoll zombies (D:4)
  18 goblins
  13 hobgoblins
  16 jackals
  45 kobolds
  3 quokkas
  4 ball pythons
  11 bats
  6 frilled lizards
  A jackal skeleton (D:4)
  A quokka skeleton (D:4)
  8 rats
  A crawling corpse (Elf:1)
  2 fungi (Lair:5)
  8 plants
  A starspawn tentacle (Abyss:5)
2162 creatures vanquished.

Vanquished Creatures (collateral kills)
  Mennas (Depths:3)
  A juggernaut (Depths:5)
  2 ancient liches (Zot:5)
  2 curse toes
  Nikola (Snake:2)
  A golden dragon (Depths:5)
  4 tentacled monstrosities
  An electric golem (Zot:5)
  A Hell Sentinel (Depths:2)
  3 Orb Guardians (Zot:5)
  Rupert (Snake:1)
  2 quicksilver dragons (Zot:4)
  2 deep elf blademasters
  The ghost of Juteq the Nimble, an adept GnGl of Makhleb (Vaults:4)
  3 acid blobs
  2 nagarajas
  2 storm dragons
  A tengu reaver (Depths:4)
  2 fire giants
  A balrug (Abyss:5)
  2 vault wardens
  2 frost giants
  An orc warlord (D:10)
  An iron dragon (shapeshifter) (Depths:4)
  A draconian stormcaller (Zot:2)
  A draconian scorcher (Zot:2)
  A ghoul (Vaults:2)
  3 deep elf elementalists (Elf:3)
  2 draconian shifters (Zot:4)
  A reaper (Depths:5)
  4 ironheart preservers
  A war gargoyle (Depths:4)
  A stone giant (shapeshifter) (Depths:4)
  A stone giant (Vaults:3)
  5 very ugly things
  A vampire knight (Depths:3)
  A green draconian (Zot:2)
  2 red draconians (Zot:2)
  A yellow draconian (Zot:4)
  A lorocyproca (Depths:2)
  5 purple draconians
  5 spark wasps
  3 white draconians
  A deep elf death mage (Elf:3)
  2 ettins
  4 yaktaur captains
  3 deep elf high priests
  3 great orbs of eyes
  An ice dragon (Swamp:4)
  A rakshasa (Depths:3)
  A vault guard (Vaults:3)
  A ghost crab (Swamp:4)
  2 naga warriors
  3 anacondas
  A death knight (Vaults:2)
  An alligator (Swamp:1)
  A deep troll shaman (Depths:1)
  A two-headed ogre (Vaults:1)
  2 death yaks (Lair:6)
  2 dancing weapons
  A tengu warrior (Depths:1)
  2 thrashing horrors (Abyss:5)
  A shock serpent (Snake:4)
  3 deep elf knights
  3 wretched stars (Abyss:5)
  A death drake (shapeshifter) (Vaults:1)
  An iron troll (Depths:3)
  2 deep trolls
  A salamander mystic (Snake:4)
  2 glowing orange brains
  A spark wasp zombie (Depths:3)
  4 deep elf archers
  A wizard (Vaults:2)
  An ironbrand convoker (Vaults:1)
  2 orc knights
  7 deep elf magi
  2 lindwurms
  Pikel (D:8)
  A phantasmal warrior (Vaults:3)
  4 mana vipers
  A manticore (D:11)
  9 ugly things
  A cyclops (Orc:2)
  3 moths of wrath
  3 salamanders (Snake:4)
  3 guardian serpents
  A worldbinder (Abyss:5)
  5 black mambas
  An orange demon (Depths:2)
  3 vault sentinels
  An ice statue (IceCv)
  6 naga magi
  4 spiny frogs
  A storm dragon simulacrum (Abyss:5)
  6 yaktaurs
  A kobold demonologist (D:11)
  3 freezing wraiths
  5 komodo dragons
  2 red devils
  2 tyrant leeches
  A polar bear (Lair:6)
  A hornet (Lair:6)
  A deep troll zombie (D:15)
  4 slime creatures
  2 dream sheep
  A hippogriff (D:15)
  A dream sheep (shapeshifter) (Depths:2)
  3 blink frogs
  3 air elementals
  A spriggan (Swamp:2)
  8 yaks
  A basilisk (D:12)
  2 fire elementals
  2 golden eyes (Slime:5)
  2 large abominations (Depths:3)
  A neqoxec (Abyss:5)
  A hungry ghost (D:8)
  2 vampire mosquitoes (D:12)
  An insubstantial wisp (Swamp:4)
  11 nagas
  3 swamp worms
  3 hydra simulacra (Swamp:4)
  2 porcupines (Lair:2)
  A water moccasin (Lair:3)
  5 hell hounds
  3 black bears (Lair:6)
  2 swamp drakes
  3 sky beasts
  An ice beast (IceCv)
  7 ogres
  3 orc warriors
  An eye of draining (Slime:1)
  3 centaurs
  A wolf (Lair:5)
  The ghost of kae the Skirmisher, an amateur DsAK of Lugonu (D:3)
  A phantom (D:7)
  A boggart (Depths:3)
  3 small abominations
  5 crocodiles
  A big kobold (D:7)
  5 bullfrogs
  A scorpion (D:4)
  5 killer bees
  A wight (D:12)
  2 hounds
  A bullfrog skeleton (D:5)
  2 jellies
  5 orc priests
  A centaur skeleton (D:4)
  6 orc wizards
  An iguana (D:8)
  3 worker ants
  5 adders
  A white imp (Depths:3)
  An adder skeleton (D:4)
  17 orcs
  A giant cockroach (D:3)
  4 goblins
  A hobgoblin (D:4)
  A jackal (D:4)
  A quokka (D:4)
  A kobold (D:14)
  A withered plant (D:15)
378 creatures vanquished.

Vanquished Creatures (others)
  An alligator (Swamp:4)
  A dancing weapon (Elf:2)
  A bog body (Swamp:4)
  A vampire (D:12)
  A naga (Snake:2)
  4 slaves (D:8)
  A black bear (D:8)
  A bullfrog (D:8)
  3 lava snakes (Snake:3)
  62 hexers
  8 orcs
  A ball python (Depths:1)
  5 kobolds (D:8)
  37 foxfires
  9 fungi
  22 plants
  6 starspawn tentacles
  8 withered plants (D:15)
172 creatures vanquished.

Grand Total: 2712 creatures vanquished

Notes
Turn   | Place    | Note
-------+----------+-------------------------------------------
     0 | D:1      | magipi the Minotaur Fire Elementalist began the quest for
                  | the Orb.
     0 | D:1      | Reached XP level 1. HP: 14/14 MP: 1/1
   437 | D:1      | Reached skill level 1 in Fighting
   437 | D:1      | Reached XP level 2. HP: 18/23 MP: 3/3
   655 | D:1      | Reached skill level 1 in Throwing
   995 | D:1      | Reached XP level 3. HP: 29/29 MP: 4/4
  1406 | D:2      | Found a glowing silver altar of Zin.
  1486 | D:2      | Found a stormy altar of Qazlal.
  1606 | D:2      | Reached skill level 1 in Shields
  1829 | D:2      | Reached XP level 4. HP: 36/36 MP: 5/5
  2778 | D:3      | Found a runed translucent door.
  2780 | D:3      | Noticed a bullfrog
  2785 | D:3      | Noticed kae's ghost (amateur DsAK)
  2881 | D:3      | Reached skill level 2 in Shields
  2997 | D:3      | Reached XP level 5. HP: 39/42 MP: 6/6
  3439 | D:3      | Found a hazy altar of Hepliaklqana.
  3440 | D:3      | Found a shimmering altar of Xom.
  3440 | D:3      | Noticed a yak
  3441 | D:3      | Noticed a spectral ugly thing
  3441 | D:3      | Noticed a yak
  3534 | D:3      | Found a runed translucent door.
  3620 | D:3      | Found a hide-covered altar of Uskayaw.
  3823 | D:3      | Became a worshipper of Hepliaklqana the Forgotten
  3845 | D:4      | Reached skill level 1 in Polearms
  3996 | D:4      | Noticed an ogre
  4003 | D:4      | Killed an ogre
  4003 | D:4      | Reached skill level 3 in Shields
  4003 | D:4      | Reached XP level 6. HP: 45/45 MP: 7/7
  4077 | D:4      | Noticed Robin
  4096 | D:4      | Killed Robin
  4326 | D:4      | Found a basalt altar of Yredelemnul.
  4426 | D:4      | Got a coiled amber ring
  4450 | D:4      | Reached skill level 1 in Armour
  4511 | D:4      | Reached XP level 7. HP: 52/52 MP: 8/8
  4566 | D:4      | Reached skill level 1 in Invocations
  5123 | D:5      | Entered Level 5 of the Dungeon
  5429 | D:5      | Reached * piety under Hepliaklqana
  5768 | D:5      | Reached skill level 4 in Shields
  5773 | D:5      | Noticed Eustachio
  5801 | D:5      | Killed Eustachio
  5878 | D:5      | Reached XP level 8. HP: 52/60 MP: 9/9
  5912 | D:5      | Reached skill level 5 in Dodging
  6282 | D:6      | Identified the ring of Mipiec {+Fly rC+ Int+4 Stlth-} (You
                  | found it on level 4 of the Dungeon)
  6391 | D:6      | Reached skill level 5 in Fighting
  6426 | D:6      | Found a staircase to the Ecumenical Temple.
  6564 | D:6      | Reached ** piety under Hepliaklqana
  6567 | D:6      | Remembered your ancestor Bohike as a hexer
  6614 | D:6      | Found Famanluntu's General Store.
  6622 | D:6      | Bought a scroll of blinking for 97 gold pieces
  6622 | D:6      | Bought 8 poisoned darts for 41 gold pieces
  7000 | D:7      | Noticed a hippogriff
  7005 | D:7      | Killed a hippogriff
  7149 | D:7      | Reached XP level 9. HP: 53/67 MP: 10/10
  7306 | D:7      | Reached skill level 5 in Polearms
  7306 | D:7      | Reached skill level 5 in Throwing
  7464 | D:7      | Found an ancient bone altar of Kikubaaqudgha.
  7464 | D:7      | Found a glowing golden altar of the Shining One.
  7568 | D:7      | Found a sparkling altar of Nemelex Xobeh.
  7707 | D:7      | Reached skill level 5 in Armour
  7932 | D:8      | Noticed Pikel
  7956 | D:8      | Killed Pikel
  7963 | D:8      | Found a shadowy altar of Dithmenos.
  7966 | D:8      | Noticed Maurice
  8025 | D:8      | Noticed a purple ugly thing
  8055 | D:8      | Killed a purple ugly thing
  8055 | D:8      | Reached skill level 5 in Invocations
  8055 | D:8      | Reached XP level 10. HP: 77/77 MP: 12/12
  8112 | D:8      | Found a snail-covered altar of Cheibriados.
  8113 | D:8      | Found a shadowy altar of Dithmenos.
  8123 | D:8      | Found a sacrificial altar of Ru.
  8123 | D:8      | Found a shimmering altar of Xom.
  8161 | D:8      | Reached *** piety under Hepliaklqana
  8343 | D:8      | Identified the cursed +1 hunting sling of Dominance
                  | {vorpal, rF+ Str+4 Int-4 Dex+8}
  8392 | D:8      | Noticed a centaur warrior
  8405 | D:8      | Killed a centaur warrior
  8634 | D:8      | Found a snail-covered altar of Cheibriados.
  8716 | D:8      | Found a burning altar of Makhleb.
  8735 | D:8      | Got a brightly glowing trident
  8739 | D:8      | Identified the cursed +3 trident of the Cup {venom, rF++
                  | MR- Stlth+} (You found it on level 8 of the Dungeon)
  9149 | D:8      | Noticed a tengu warrior
  9216 | D:8      | Killed a tengu warrior
  9216 | D:8      | Reached skill level 1 in Evocations
  9808 | D:8      | Killed Maurice
  9910 | D:8      | Noticed Psyche
  9917 | D:8      | Killed Psyche
  9917 | D:8      | Reached XP level 11. HP: 85/85 MP: 14/14
  9942 | D:8      | Found a staircase to the Lair.
 10227 | D:9      | Noticed a two-headed ogre
 10256 | D:9      | Killed a two-headed ogre
 10299 | D:9      | Got a transparent ring mail
 10322 | D:9      | Noticed a two-headed ogre
 10333 | D:9      | Killed a two-headed ogre
 10394 | D:9      | Found a shattered altar of Ashenzari.
 11145 | D:10     | Entered Level 10 of the Dungeon
 11269 | D:10     | Reached **** piety under Hepliaklqana
 11280 | D:10     | Found a flagged portal.
 11294 | Bailey   | Entered a bailey
 11316 | Bailey   | Noticed an orc knight
 11367 | Bailey   | Killed an orc knight
 12007 | D:10     | Found a staircase to the Orcish Mines.
 12067 | D:10     | Identified the +4 ring mail "Deil Qum" {rC+} (You found it
                  | on level 9 of the Dungeon)
 12383 | Lair:1   | Entered Level 1 of the Lair of Beasts
 12690 | Lair:1   | Noticed an oklob plant
 12691 | Lair:1   | Noticed an oklob plant
 12691 | Lair:1   | Noticed an oklob plant
 12973 | Lair:1   | Reached ***** piety under Hepliaklqana
 13483 | Lair:2   | Found a staircase to the Swamp.
 13931 | Lair:3   | Noticed Snorg
 13978 | Lair:3   | Found a frozen archway.
 14008 | IceCv    | Entered an ice cave
 14018 | IceCv    | Reached XP level 12. HP: 93/93 MP: 16/16
 14082 | IceCv    | Reached skill level 10 in Polearms
 14334 | IceCv    | Got a twisted arbalest
 14571 | Lair:3   | Killed Snorg
 14741 | Lair:3   | Found a staircase to the Snake Pit.
 15116 | Lair:4   | Noticed a four-headed hydra
 15556 | Lair:4   | Reached skill level 10 in Fighting
 15631 | Lair:4   | Killed a four-headed hydra
 16177 | Lair:5   | Noticed a seven-headed hydra
 16184 | Lair:5   | Killed a seven-headed hydra
 16184 | Lair:5   | Reached skill level 5 in Evocations
 16184 | Lair:5   | Reached XP level 13. HP: 82/101 MP: 18/18
 16398 | Lair:5   | Reached skill level 10 in Dodging
 16443 | Lair:5   | Reached skill level 10 in Armour
 16894 | Lair:5   | Reached ****** piety under Hepliaklqana
 17135 | Lair:6   | Entered Level 6 of the Lair of Beasts
 17136 | Lair:6   | Identified a scroll of acquirement
 17136 | Lair:6   | Identified the ring of the Modern Places {rN+ Int+5} (You
                  | acquired it on level 6 of the Lair of Beasts)
 17631 | Lair:6   | Found a staircase to the Slime Pits.
 17837 | Lair:6   | Reached XP level 14. HP: 110/111 MP: 12/19
 17973 | Lair:6   | Found a radiant altar of Vehumet.
 18161 | Lair:6   | Found a runed translucent door.
 18589 | Lair:6   | Found the +0 pair of fencer's gloves {Riposte Dex+3}
 18858 | Lair:6   | Reached skill level 10 in Throwing
 19754 | Orc:1    | Entered Level 1 of the Orcish Mines
 19774 | Orc:1    | Found Mogots's Book Shoppe.
 19788 | Orc:1    | Noticed an orc warlord
 19871 | D:10     | Killed an orc warlord
 20045 | Orc:1    | Found Bim Naiho's Armour Boutique.
 20068 | Orc:1    | Found a roughly hewn altar of Beogh.
 20190 | Orc:2    | Entered Level 2 of the Orcish Mines
 20190 | Orc:2    | Found a staircase to the Elven Halls.
 20217 | Orc:2    | Noticed a stone giant
 20242 | Orc:2    | Killed a stone giant
 20242 | Orc:2    | Reached skill level 10 in Invocations
 20311 | Orc:2    | Found Goezafur's Antique Armour Shop.
 20321 | Orc:2    | Found a bloodstained altar of Trog.
 20381 | Orc:2    | Noticed an orc warlord
 20490 | Orc:1    | Found Dyc Ugga's Jewellery Shop.
 20502 | Orc:1    | Bought the ring of Hulye {rF+ rN+ SInv} for 464 gold pieces
 20502 | Orc:1    | Bought an uncursed ring of protection from magic for 350
                  | gold pieces
 20695 | Orc:2    | Killed an orc warlord
 20762 | Orc:2    | Found a gate leading to a gauntlet.
 20771 | Gauntlet | Entered a Gauntlet
 20771 | Gauntlet | Found a transporter.
 20771 | Gauntlet | Found a transporter.
 20772 | Gauntlet | Found a transporter.
 20773 | Gauntlet | Found a transporter.
 20773 | Gauntlet | Found a transporter.
 20777 | Gauntlet | Found a transporter.
 20784 | Gauntlet | Found a transporter.
 20786 | Gauntlet | Found a transporter.
 20788 | Gauntlet | Found a transporter.
 20789 | Gauntlet | Found a transporter.
 20792 | Gauntlet | Found a runed translucent door.
 20794 | Gauntlet | Found a runed translucent door.
 20796 | Gauntlet | Found a transporter.
 20797 | Gauntlet | Found a transporter.
 20799 | Gauntlet | Noticed a reaper
 20821 | Gauntlet | Found a runed translucent door.
 21010 | Gauntlet | Got a fine cloak
 21030 | Gauntlet | Identified the ring of Avir {*Contam +Inv AC+4 Int+8 Dex+3}
 21093 | Gauntlet | Identified Sif Muna's Grimoire of Shifting Summoning
 21121 | Gauntlet | Got an ancient copper ring
 21130 | Gauntlet | Identified the ring "Voirorchua" {rElec Str+2 Slay+3
                  | Stlth-} (You found it in a Gauntlet)
 21143 | Gauntlet | Got a faintly humming hat
 21150 | Gauntlet | Identified the cursed -1 hat "Saefamnu" {rC+ Dex+2} (You
                  | found it in a Gauntlet)
 21170 | Gauntlet | Identified the cursed +0 cloak "Lyvimon" {*Drain rElec
                  | MR+++ SInv} (You found it in a Gauntlet)
 21336 | Orc:2    | Found a roughly hewn altar of Beogh.
 21402 | Orc:2    | Found Jics's Antique Armour Shoppe.
 21418 | Orc:2    | Found Hikil's Antique Weapon Shoppe.
 21636 | Orc:2    | Found Wyashren's Jewellery Shoppe.
 21643 | Orc:2    | Bought a cursed ring of teleportation for 63 gold pieces
 21654 | Orc:2    | Found Lylisuh's General Store.
 21662 | Orc:2    | Bought a wand of iceblast (11) for 150 gold pieces
 21662 | Orc:2    | Bought a potion of resistance for 100 gold pieces
 21662 | Orc:2    | Bought a wand of digging (3) for 140 gold pieces
 21789 | Orc:1    | Found Xeuraut's Weapon Emporium.
 21960 | Orc:1    | Bought a +4 chain mail of poison resistance for 342 gold
                  | pieces
 22198 | D:3      | Killed kae's ghost
 22439 | D:11     | Noticed Sonja
 22447 | D:11     | Reached XP level 15. HP: 116/118 MP: 21/21
 22448 | D:11     | Killed Sonja
 23741 | D:12     | Found Hedowigi's Book Emporium.
 23940 | D:12     | Noticed Kirke
 23959 | D:12     | Noticed a sphinx
 23960 | D:12     | Killed Kirke
 24206 | D:12     | Found a runed translucent door.
 24400 | D:12     | Upgraded the game from 0.25-a0-591-g2ad0d861f1 to
                  | 0.25-a0-598-gc9c9e4cfe1
 24725 | D:13     | Found a gate to the Vaults.
 25549 | D:13     | Identified the +2 pair of boots of the Sailor {*Corrode
                  | Dex+5} (You acquired it on level 13 of the Dungeon)
 25706 | D:14     | Found a glowing silver altar of Zin.
 26001 | D:14     | Noticed Agnes
 26016 | D:14     | Killed Agnes
 26337 | D:15     | Entered Level 15 of the Dungeon
 26348 | D:15     | Found a portal to a secret trove of treasure.
 26401 | D:15     | Found Coidoxke's General Store.
 26406 | D:15     | Reached skill level 10 in Evocations
 26597 | D:15     | Bought a wand of acid (8) for 264 gold pieces
 26597 | D:15     | Bought a scroll of teleportation for 33 gold pieces
 26677 | D:15     | Reached XP level 16. HP: 84/125 MP: 24/24
 26752 | D:15     | Found a sacrificial altar of Ru.
 27033 | D:15     | Found a staircase to the Depths.
 27768 | Swamp:1  | Entered Level 1 of the Swamp
 27972 | Swamp:1  | Noticed Roxanne
 29578 | Swamp:3  | Noticed a thorn hunter
 29596 | Swamp:3  | Killed a thorn hunter
 30656 | Swamp:4  | Entered Level 4 of the Swamp
 30675 | Swamp:4  | Noticed a thorn hunter
 30690 | Swamp:4  | Killed a thorn hunter
 31987 | Swamp:4  | Reached XP level 17. HP: 84/131 MP: 26/26
 32209 | Swamp:4  | Got a decaying rune of Zot
 32372 | Snake:1  | Entered Level 1 of the Snake Pit
 32372 | Snake:1  | Noticed Rupert
 32372 | Snake:1  | Noticed Donald
 32383 | Snake:1  | Noticed Azrael
 32387 | Snake:1  | Killed Rupert
 32388 | Snake:1  | Killed Donald
 32423 | Snake:1  | Killed Azrael
 33165 | Orc:2    | Bought a scroll of enchant weapon for 75 gold pieces
 33203 | Orc:2    | Bought a spiked plate armour for 980 gold pieces
 33203 | Orc:2    | Identified the +2 plate armour of Tomorrow {*Corrode rF+
                  | rC+ Str+3} (You bought it in a shop on level 2 of the
                  | Orcish Mines)
 33207 | Orc:2    | Bought a slimy plate armour for 980 gold pieces
 33207 | Orc:2    | Identified the +6 plate armour of Inference {Str+4 Dex+2
                  | SInv} (You bought it in a shop on level 2 of the Orcish
                  | Mines)
 33414 | D:6      | Bought a +2 pair of boots for 214 gold pieces
 33671 | D:15     | Bought a scroll of enchant weapon for 82 gold pieces
 34470 | Snake:1  | Noticed Aizul
 34494 | Snake:1  | Killed Aizul
 34800 | Snake:2  | Reached skill level 15 in Throwing
 34860 | Snake:2  | Noticed Nikola
 34877 | Snake:2  | Killed Nikola
 34916 | Snake:2  | Reached skill level 15 in Invocations
 36516 | Snake:4  | Entered Level 4 of the Snake Pit
 36544 | Snake:4  | Reached XP level 18. HP: 122/140 MP: 28/28
 39158 | Snake:4  | Got a serpentine rune of Zot
 39588 | Elf:1    | Entered Level 1 of the Elven Halls
 39715 | Elf:1    | Reached XP level 19. HP: 145/150 MP: 30/30
 39799 | Elf:1    | Found Hiulela's Book Boutique.
 40175 | Elf:1    | Found a runed translucent gate.
 40175 | Elf:1    | Found a runed translucent gate.
 40175 | Elf:1    | Found a runed translucent gate.
 40175 | Elf:1    | Found a runed translucent gate.
 40175 | Elf:1    | Found a runed translucent gate.
 40177 | Elf:1    | Found a runed translucent gate.
 41867 | Elf:2    | Found a runed translucent gate.
 41870 | Elf:2    | Found a runed translucent gate.
 41871 | Elf:2    | Found a runed translucent gate.
 42019 | Elf:3    | Entered Level 3 of the Elven Halls
 42084 | Elf:3    | Reached skill level 15 in Fighting
 42299 | Elf:3    | Found Faoghyad's Antique Armour Shop.
 42318 | Elf:3    | Bought a twisted ring mail for 306 gold pieces
 42318 | Elf:3    | Identified the cursed +1 ring mail "Yfo Hugi" {rElec rC++
                  | Dex-4 SInv} (You bought it in a shop on level 3 of the
                  | Elven Halls)
 42839 | Elf:3    | Identified the +4 mace of the Lame Duck {vorpal, rElec rN+}
 43002 | Elf:3    | Reached skill level 15 in Evocations
 43395 | Elf:3    | Reached XP level 20. HP: 160/161 MP: 31/31
 43478 | Elf:3    | Identified the +3 hand axe "Fuiwuf" {pain, *Rage rC+ rN+
                  | SInv}
 43492 | Elf:3    | Identified the +4 trident of Ointment {venom, +Inv Dex+2
                  | Stlth+}
 43502 | Elf:3    | Identified the cursed +2 battleaxe of Accidental
                  | Termination {venom, MR- Int+3 Stlth+}
 43502 | Elf:3    | Identified the amulet of Obsession {Gourm Str+3 Dex+4}
 43732 | Elf:3    | Identified the Compendium of the Mountains
 43766 | Elf:3    | Identified the Handbook of the Dislocated Entourage
 44001 | Elf:3    | Found Faoghyad's Antique Armour Shop.
 44435 | Elf:3    | Identified the +6 lajatang of Doom {protect, rElec rPois
                  | Int-3 Dex+5} (You acquired it on level 3 of the Elven
                  | Halls)
 44695 | Vaults:1 | Entered Level 1 of the Vaults
 44806 | Vaults:1 | Identified the +5 bardiche "Mofewnux" {antimagic, rPois
                  | rN+} (You acquired it on level 1 of the Vaults)
 44806 | Vaults:1 | Identified the +0 pair of boots of Xypso {rC+ Str+2 Dex-5}
                  | (You acquired it on level 1 of the Vaults)
 44875 | Vaults:1 | Found Daluhef's Distillery.
 44878 | Vaults:1 | Bought a potion of might for 68 gold pieces
 44878 | Vaults:1 | Bought a potion of curing for 51 gold pieces
 44878 | Vaults:1 | Bought 2 potions of experience for 1700 gold pieces
 44878 | Vaults:1 | Bought a potion of curing for 51 gold pieces
 44878 | Vaults:1 | Bought a potion of invisibility for 136 gold pieces
 44882 | Vaults:1 | Reached skill level 7 in Shields
 44882 | Vaults:1 | Reached XP level 21. HP: 169/169 MP: 32/32
 44883 | Vaults:1 | Reached skill level 9 in Shields
 44883 | Vaults:1 | Reached XP level 22. HP: 175/175 MP: 33/33
 45181 | Vaults:1 | Found Biytem's Jewellery Shop.
 45186 | Vaults:1 | Found Wedagool's Gadget Boutique.
 45195 | Vaults:1 | Bought a wand of enslavement (7) for 135 gold pieces
 45203 | Vaults:1 | Found Vyesyani's Food Boutique.
 45838 | Vaults:1 | Reached skill level 15 in Armour
 45976 | Vaults:1 | Found Taf Kuyla's Book Shoppe.
 46222 | Vaults:2 | Noticed Xtahua
 46240 | Vaults:2 | Killed Xtahua
 47018 | Vaults:2 | Found a basalt altar of Yredelemnul.
 47047 | Vaults:2 | Found a staircase to the Crypt.
 47047 | Vaults:2 | Found an ancient bone altar of Kikubaaqudgha.
 47510 | Vaults:3 | Found Pabeometz's Gadget Shop.
 47864 | Vaults:3 | Reached XP level 23. HP: 188/188 MP: 34/34
 49707 | Vaults:4 | Noticed Juteq's ghost (adept GnGl)
 49712 | Vaults:4 | Found a runed translucent gate.
 49712 | Vaults:4 | Found a runed translucent gate.
 49714 | Vaults:4 | Found a runed translucent gate.
 50472 | Vaults:4 | Killed Juteq's ghost
 50811 | Depths:1 | Entered Level 1 of the Depths
 50958 | Orc:1    | Bought a manual of Dodging for 1656 gold pieces
 51150 | Depths:1 | Found Aplonaru's Weapon Shoppe.
 51222 | Depths:1 | Found a gateway to a ziggurat.
 51494 | Depths:1 | Found a one-way gate leading to the halls of Pandemonium.
 51538 | Depths:1 | Found a gateway to Hell.
 51548 | Depths:1 | You fall into a shaft and drop 1 floor!
 52051 | Depths:1 | Reached XP level 24. HP: 194/194 MP: 35/35
 52762 | Depths:2 | Reached skill level 15 in Dodging
 53126 | Depths:2 | Found Elycim's Gadget Emporium.
 53126 | Depths:2 | Found Tuofeu's Jewellery Shop.
 53127 | Depths:2 | Found Onevopea's Jewellery Shop.
 53136 | Depths:2 | Bought a box of beasts for 340 gold pieces
 53136 | Depths:2 | Bought a wand of iceblast (7) for 187 gold pieces
 53136 | Depths:2 | Bought a wand of paralysis (9) for 187 gold pieces
 53739 | Depths:3 | Noticed Mennas
 53779 | Depths:3 | Killed Mennas
 54405 | Depths:3 | Noticed Sojobo
 54423 | Depths:3 | Killed Sojobo
 54594 | Depths:3 | Identified the +0 cloak "Cempyrch" {Str+7 Slay+2} (You
                  | acquired it on level 3 of the Depths)
 54594 | Depths:3 | Identified the amulet "Erhor" {RegenMP *Contam rPois Int+3}
                  | (You acquired it on level 3 of the Depths)
 54724 | Depths:3 | Found Durae's Assorted Antiques.
 54730 | Depths:3 | Bought a vibrating silver amulet for 195 gold pieces
 54730 | Depths:3 | Bought a potion of heal wounds for 195 gold pieces
 54730 | Depths:3 | Identified the amulet of Wonder {Reflect MR+++ Str+4 Dex-4
                  | Slay+3 SH+2} (You bought it in a shop on level 3 of the
                  | Depths)
 54800 | Depths:3 | Reached XP level 25. HP: 203/203 MP: 36/36
 54894 | Depths:3 | Identified the Catalogue of Lethal Stones
 55190 | Depths:3 | Noticed Mara
 55208 | Depths:3 | Killed Mara
 55957 | Depths:4 | Found a one-way gate to the infinite horrors of the Abyss.
 56384 | Depths:4 | Found the ring of the Mage {Wiz MR++ Int+3}
 56603 | Depths:5 | Entered Level 5 of the Depths
 56759 | Depths:5 | HP: 10/207 [tengu reaver/+0 halberd (20)]
 56762 | Depths:5 | HP: 3/207 [stone giant/large rock (15)]
 56950 | Depths:5 | Found a gate to the Realm of Zot.
 57289 | Depths:5 | Reached XP level 26. HP: 206/215 MP: 35/37
 57290 | Depths:5 | Found Jiechyl's Assorted Antiques.
 57313 | Depths:5 | Bought a wand of paralysis (10) for 68 gold pieces
 57356 | Depths:5 | Noticed a juggernaut
 57386 | Depths:5 | Killed a juggernaut
 59287 | Slime:1  | Entered Level 1 of the Pits of Slime
 59749 | Slime:5  | Entered Level 5 of the Pits of Slime
 59803 | Slime:5  | Reached skill level 10 in Shields
 59828 | Slime:5  | Found a viscous altar of Jiyva.
 59828 | Slime:5  | Noticed the Royal Jelly
 59836 | Slime:5  | Killed the Royal Jelly
 60013 | Slime:5  | Identified Sif Muna's Tome of Flight
 60060 | Slime:5  | Got a slimy rune of Zot
 60102 | Slime:5  | Identified the ring of Lummuz {rElec rF- MR+ Int-5 SInv}
                  | (You found it on level 5 of the Pits of Slime)
 60549 | D:15     | You showed the slimy rune of Zot to enter a treasure trove
 60550 | Trove    | Entered a treasure trove
 60556 | Trove    | Found the +3 pair of gauntlets of War {Slay+5}
 60564 | Trove    | Identified the ring of Vuifuzok {+Blink Str+2 Slay+2} (You
                  | found it in a treasure trove)
 60571 | Trove    | Identified the amulet of Venoycwo {+Blink +Rage rElec rC-
                  | Dex+4} (You found it in a treasure trove)
 60577 | Trove    | Identified the +6 hunting sling of Purpose {flame, rF+
                  | Stlth+} (You found it in a treasure trove)
 60783 | Zot:1    | Entered Level 1 of the Realm of Zot
 60940 | Zot:1    | Reached skill level 11 in Shields
 61425 | Zot:2    | Reached skill level 12 in Shields
 61623 | Zot:2    | Reached skill level 13 in Shields
 61648 | Zot:2    | Identified the ring "Mibbaulu" {*Drain rPois Dex+4 Stlth+}
                  | (You found it on level 2 of the Realm of Zot)
 62093 | Zot:2    | Reached skill level 14 in Shields
 62393 | Zot:3    | Reached skill level 15 in Shields
 62518 | Zot:2    | Reached XP level 27. HP: 111/221 MP: 37/37
 62742 | Zot:3    | Reached skill level 16 in Shields
 63028 | Zot:3    | Reached skill level 17 in Shields
 63368 | Zot:4    | Reached skill level 18 in Shields
 63721 | Zot:4    | Reached skill level 19 in Shields
 64290 | Zot:4    | Noticed an orb of fire
 64302 | Zot:4    | Gained mutation: You are weak. (Str -2) [an orb of fire]
 64307 | Zot:4    | Killed an orb of fire
 64378 | Zot:4    | Reached skill level 20 in Shields
 64920 | Zot:5    | Entered Level 5 of the Realm of Zot
 64934 | Zot:5    | Reached skill level 21 in Shields
 65431 | Zot:5    | Reached skill level 22 in Shields
 65469 | Zot:5    | Noticed an orb of fire
 65469 | Zot:5    | Noticed an ancient lich
 65494 | Zot:5    | Gained mutation: Your magical capacity is low. (-10% MP)
                  | [an orb of fire]
 65500 | Zot:5    | Killed an orb of fire
 65508 | Zot:5    | Killed an ancient lich
 65633 | Zot:5    | Noticed an ancient lich
 65645 | Zot:5    | Killed an ancient lich
 65645 | Zot:5    | Reached skill level 23 in Shields
 65715 | Zot:5    | Noticed an ancient lich
 65731 | Zot:5    | Killed an ancient lich
 66650 | Zot:5    | Noticed an ancient lich
 66674 | Zot:5    | Killed an ancient lich
 66835 | Zot:5    | Noticed an ancient lich
 66860 | Zot:5    | Killed an ancient lich
 66860 | Zot:5    | Reached skill level 24 in Shields
 66941 | Zot:5    | Noticed an ancient lich
 66986 | Zot:5    | Cast into level 4 of the Abyss (Killer Klown)
 67016 | Abyss:4  | Gained mutation: You are frail. (-10% HP) [a cacodemon]
 67090 | Abyss:5  | Entered Level 5 of the Abyss
 67090 | Abyss:5  | Found a corrupted altar of Lugonu.
 67477 | Abyss:5  | Reached skill level 25 in Shields
 67586 | Zot:5    | Escaped the Abyss
 67601 | Zot:5    | Killed an ancient lich
 68074 | Zot:5    | Noticed an orb of fire
 68081 | Zot:5    | Lost mutation: You are frail. (-10% HP) [an orb of fire]
 68082 | Zot:5    | Killed an orb of fire
 70191 | Zot:5    | Got the Orb of Zot
 70491 | D:13     | Noticed Zamn the pandemonium lord
 70730 | D:1      | Noticed Toxoxoug the pandemonium lord
 70756 | D:$      | Escaped with the Orb!

Levels and vault maps discovered:
D:1:      dpeg_arrival_rhombi, layout_loops_ring
D:2:      minmay_thinvault, layout_rooms, nicolae_overflow_crystal_walls,
          first_ration, corner_web_ring, grunt_qazlal_clouds
D:3:      layout_rooms, regret_index_temple_of_mockery,
          lemuel_coloured_pillars_altar, serial_forest,
          infiniplex_forest_straight_2, infiniplex_forest_clump_small,
          infiniplex_forest_clump_medium, infiniplex_forest_end_double,
          infiniplex_forest_lined_3, infiniplex_forest_clump_cross,
          infiniplex_forest_split, ebering_ghost_sewer_f
D:4:      layout_layer_cave, lemuel_zombie_altar_yredelemnul, kennysheep_potato,
          uniq_robin
D:5:      layout_loops_corners, uniq_eustachio
D:6:      layout_loops_ring, minmay_temple_entry_water_ring, serial_shops, shop
D:7:      layout_basic, gammafunk_temple_overflow_wave,
          nemelex_xobeh_ov_fountains_minmay
D:8:      minmay_the_grid_octo_2x2 [minmay_the_grid_octo_shrine,
          minmay_the_grid_octo_pinwheel, minmay_the_grid_octo_tetromino_candy,
          minmay_the_grid_octo_prize_ultimate_mussel_roller], layout_loops_ring,
          kennysheep_mini_moat, cheibriados_altar_1,
          nicolae_dithmenos_the_darkroom, erik_lair_dragon, uniq_psyche,
          uniq_maurice, uniq_pikel
D:9:      wander_river, layout_basic, ashenzari_altar_1
D:10:     layout_roguey, orc_0_dummy, enter_bailey_3
D:11:     hangedman_what_comes_after_a, layout_basic, grunt_tengu_nest,
          uniq_sonja
D:12:     layout_roguey, serial_shops, shop, lightli_airlock, uniq_kirke
D:13:     layout_rooms, david_vaults_1, serial_co_window_serial,
          co_window_paths_b, co_window_paths_a, co_window_cross_1,
          co_window_paths_a, co_window_paths_a, co_window_paths_b,
          co_window_paths_b, co_window_cross_2, co_window_broadway_a,
          co_window_broadway_c, co_window_broadway_c, co_window_unsneaky_path_b,
          co_window_of_opportunity_b, co_window_4corner_a
D:14:     layout_loops_cross, minmay_fountain_box, basic_altar, uniq_agnes
D:15:     gammafunk_depths_entry_grave, layout_long_grid, serial_shops,
          nicolae_shop_window_shopping, enter_trove_0, eino_curves_04,
          nicolae_ru_path_of_blood
Lair:1:   layout_regular_city, minmay_lair_oklob_chamber
Lair:2:   layout_concentric_octagons, skrybe_swamp_entry_bodies
Lair:3:   layout_regular_city, guppyfry_snake_entry_garden,
          portal_ice_cave_entry_pillars_1, minmay_stone_trees_small, uniq_snorg
Lair:4:   layout_long_grid, grunt_forest_small_clearings, serial_bayou_shore_a
Lair:5:   layout_roguey [special_room_mythical_zoo],
          chequers_serial_rivers_micro_a, minmay_shattered_shrine
Lair:6:   hangedman_lair_caniforms_friends, layout_regular_city, wormcave,
          minmay_slime_entry_pillars, lemuel_oklob_altar, serial_bayou_shore_b
Swamp:1:  layout_basic_swamp, evilmike_swamp_ruin_rubble_2, swamp_pool1,
          uniq_roxanne
Swamp:2:  layout_basic_swamp, evilmike_swamp_ruin_house_5
Swamp:3:  layout_basic_swamp, nicolae_swamp_fairy_circle
Swamp:4:  swamp_icy, layout_basic_swamp, swamp_pool2
Snake:1:  layout_honeycomb, nicolae_snake_squiggles, drop_trap, uniq_rupert,
          uniq_donald, uniq_aizul, uniq_azrael
Snake:2:  layout_basic, grunt_megastairs_1, uniq_nikola
Snake:3:  layout_rooms, nicolae_snake_lava_pool
Snake:4:  snake_pit_salamanders_mu, layout_layer_cave,
          hangedman_snake_thin_pillar_pass
Slime:1:  layout_caves, cheibrodos_slime_lost_civilization_6
Slime:2:  cheibrodos_slime_lost_civilization_1, layout_caves
Slime:3:  layout_caves
Slime:4:  layout_caves, cheibrodos_slime_lost_civilization_5
Slime:5
Orc:1:    layout_diamond_mine, serial_shops, shop, nicolae_shop_behind_doors,
          shop, shop, nicolae_orc_lava_tube, nicolae_orc_lost_temple
Orc:2:    grunt_orc_cross, layout_caves, gauntlet_entry_generic, serial_shops,
          shop, bloody_trog
Elf:1:    layout_geoelf_diagonals, serial_shops, nicolae_shop_waterfront,
          orc_legates
Elf:2:    layout_loops_corners
Elf:3:    minmay_elf_hall_not_hex, layout_gridlike, serial_shops, shop
Vaults:1: hangedman_vaults_cutoff, nicolae_vaults_little_squares_2,
          v_alt_pattern_6, hangedman_vaults_capsules, ontoclasm_vaults_hangar,
          v_misc_27, layout_vaults_omnigrid, serial_shops, nicolae_shop_trees,
          shop, nicolae_shop_crystal, nicolae_shop_stone,
          nicolae_shop_behind_doors
Vaults:2: minmay_crypt_entry_necro_gods, vaults_room_stairs_pillars,
          nicolae_vaults_network_quincunx
          [nicolae_vaults_network_quincunx_subvault,
          nicolae_vaults_network_quincunx_subvault,
          nicolae_vaults_network_quincunx_subvault,
          nicolae_vaults_network_quincunx_subvault,
          nicolae_vaults_network_quincunx_subvault], v_misc_27, v_misc_3,
          v_misc_4, v_misc_2, vaults_room_corners, vaults_dpeg_ring,
          ontoclasm_vaults_decontamination, layout_vaults_chaotic_city,
          uniq_xtahua
Vaults:3: vaults_room_guarded_vault, nicolae_vaults_little_squares_2,
          grunt_vaults_trifunnel, v_misc_23, hangedman_vaults_trim, v_misc_19,
          nicolae_vaults_yaktaur_gun_rack, nicolae_vaults_little_squares_2,
          vaults_room_door_hall, v_misc_22, v_misc_9,
          ontoclasm_vaults_ring_large, ontoclasm_vaults_ring_square, v_misc_15,
          vaults_room_octagon, vaults_room_fours,
          hangedman_vaults_stretched_pinwheel, vaults_room_fancy_cross,
          layout_vaults_omnibox, serial_shops, shop
Vaults:4: gammafunk_vaults_ghost_split, grunt_vaults_hallway_short,
          nicolae_vaults_ninety_degrees, v_pattern_2,
          nicolae_vaults_little_squares_2, nicolae_vaults_mini_display_case,
          ontoclasm_vaults_gallery, ontoclasm_vaults_chip,
          layout_vaults_omnicross
Depths:1: layout_big_octagon, enter_ziggurat_f, minmay_misc_feat_pillars,
          pan_entry, serial_shops, nicolae_shop_trees, hell_entry, st_stairs_4,
          minmay_serpent_palace
Depths:2: kennysheep_green_arena, layout_cave_shapes, rand_demon_pan_entry_3,
          hell_entry, infiniplex_staircase_zigzag_3, minmay_shop_grove
Depths:3: minmay_quarter_circles, layout_basic, hell_entry,
          minmay_tree_intersection, grunt_pan_entry_sceptre, serial_shops,
          nicolae_shop_trees, laboratory, uniq_mennas, uniq_sojobo, uniq_mara
Depths:4: hangedman_crystal_crosses_colossus [crystal_crosses_arms_four,
          crystal_crosses_arms_two, crystal_crosses_arms_one,
          crystal_crosses_arms_one], hell_entry, abyss_entry, serial_shops
Depths:5: grunt_zot_entry_tricorne, layout_basic, serial_shops,
          nicolae_shop_stone, hell_entry, serial_sigils_hangedman_writhe,
          grunt_pan_entry_zigzag, interstate_on_off
Zot:1:    layout_basic
Zot:2:    layout_misc_corridors
Zot:3:    grunt_zot_stairs_faceoff, layout_misc_corridors, grunt_ministairs_13
Zot:4:    layout_basic
Zot:5:    layout_gridlike

Skill      XL: |  1  2  3  4  5  6  7  8  9 10 11 12 13 14 15 16 17 18 19 20 21 22 23 24 25 26 27 |
---------------+----------------------------------------------------------------------------------+-----
Fighting       | 1 2 3 4 5 7 8 9 10 11 12 14 15 16 18 20 | 20.7
Throwing       | 1 2 3 4 5 7 8 9 11 12 14 15 16 | 16.0
Dodging        | 3 4 5 6 8 9 10 11 12 13 14 18 19 | 19.0
Shields        | 1 2 3 4 7 9 15 25 | 25.0
Polearms       | 1 2 3 4 6 7 9 11 13 14 | 14.0
Armour         | 1 2 4 6 7 8 9 10 11 12 13 14 15 16 17 18 19 | 19.0
Invocations    | 2 3 5 6 7 8 9 10 12 13 15 16 19 20 22 23 | 23.8
Evocations     | 2 3 5 6 8 10 11 12 13 15 16 | 16.6
Stealth        | |  1.5
Spellcasting   | |  1.3
Conjurations   | |  0.6
Fire Magic     | |  2.1

Action                   |  1- 3 |  4- 6 |  7- 9 | 10-12 | 13-15 | 16-18 | 19-21 | 22-24 | 25-27 || total
-------------------------+-------+-------+-------+-------+-------+-------+-------+-------+-------++-------
Melee: Short sword       |    85 |    10 |       |       |       |       |       |       |       ||    95
       Headbutt          |    15 |    43 |    19 |   101 |   435 |   446 |   150 |   622 |   689 ||  2520
       Spear             |       |   309 |   292 |   117 |       |       |       |       |       ||   718
       Trident           |       |       |       |   580 |  1779 |   796 |       |       |       ||  3155
       Demon trident     |       |       |       |       |       |  1033 |   612 |  2069 |  2134 ||  5848
       Unarmed           |       |       |       |       |       |       |       |       |     3 ||     3
Throw: Stone             |     5 |       |       |       |       |       |       |       |       ||     5
       Dart              |       |     7 |    34 |    96 |       |       |       |       |       ||   137
       Javelin           |       |       |       |    22 |    25 |    37 |     5 |    24 |    35 ||   148
       Boomerang         |       |       |       |     1 |       |       |       |       |       ||     1
       Throwing net      |       |       |       |       |       |       |       |       |     3 ||     3
 Cast: Foxfire           |    15 |     5 |       |       |       |       |       |       |       ||    20
Invok: Ancestor Identity |       |     1 |       |       |       |       |       |       |       ||     1
       Recall Ancestor   |       |       |     1 |     2 |     8 |     1 |     2 |     2 |    14 ||    30
       Ancestor Life: He |       |       |     1 |       |       |       |       |       |       ||     1
       Idealise          |       |       |       |     1 |     7 |    11 |     8 |     8 |    17 ||    52
 Abil: Evoke Flight      |       |       |       |     5 |       |       |       |       |       ||     5
       Stop Flying       |       |       |       |       |       |       |       |       |     1 ||     1
       Evoke Blink       |       |       |       |       |       |       |       |       |     8 ||     8
Evoke: Wand              |       |       |       |     2 |    12 |    50 |     3 |     2 |    25 ||    94
       Lightning rod     |       |       |       |       |     2 |     5 |       |       |     1 ||     8
       Sack of spiders   |       |       |       |       |     2 |       |       |     1 |       ||     3
       Box of beasts     |       |       |       |       |     1 |     1 |       |     2 |       ||     4
       Phial of floods   |       |       |       |       |       |     1 |       |       |       ||     1
       Phantom mirror    |       |       |       |       |       |       |       |     1 |       ||     1
  Use: Potion            |       |     2 |       |     1 |     5 |     7 |     2 |     1 |    15 ||    33
       Scroll            |       |     2 |    16 |    16 |    10 |    15 |     4 |     4 |    33 ||   100
 Stab: Sleeping          |     6 |     4 |       |     1 |       |       |       |       |       ||    11
       Distracted        |     1 |     1 |     7 |     8 |    17 |    34 |     6 |    27 |    31 ||   132
       Confused          |       |       |       |    10 |     7 |    13 |    25 |    93 |    64 ||   212
       Invisible         |       |       |       |       |     4 |       |       |       |       ||     4
       Paralysed         |       |       |       |       |    24 |    70 |    10 |    74 |    52 ||   230
       Held in net/web   |       |       |       |       |       |       |       |       |     1 ||     1
  Eat: Chunk             |     3 |     6 |    12 |    21 |    32 |    27 |    10 |    31 |    21 ||   163
       Ration            |       |     1 |     1 |     2 |     1 |     5 |     2 |     1 |    12 ||    25
Armor: Robe              |     7 |       |       |       |       |       |       |       |       ||     7
       Leather armour    |    28 |    28 |       |       |       |       |       |       |       ||    56
       Scale mail        |       |    50 |    35 |       |       |       |       |       |       ||    85
       Chain mail        |       |       |    23 |   107 |   143 |   522 |   113 |   337 |   127 ||  1372
       Ring mail         |       |       |       |    62 |   189 |       |       |       |       ||   251
       Gold dragon scale |       |       |       |       |       |       |       |       |   414 ||   414
Dodge: Dodged            |    71 |   124 |   107 |   304 |   757 |   567 |   131 |   574 |   516 ||  3151
Block: Buckler           |    15 |    36 |    33 |   134 |   266 |   292 |    53 |   336 |   140 ||  1305
       Tower shield      |       |       |       |       |       |       |       |       |   705 ||   705
       Rpst.: Trident    |       |       |       |       |   118 |    45 |       |       |       ||   163
       Demon trident     |       |       |       |       |       |    60 |    33 |    82 |    46 ||   221

Table legend:
 A = Non-vault XP
 B = Vault XP
 C = Vault XP percentage of total XP
 D = Non-vault monster count
 E = Vault monster count
 F = Vault count percentage of total count
                 A         B        C        D         E       F
            +---------+---------+-------+---------+---------+-------
      Total |  899804 |  747677 |  45.4 |    1574 |     938 |  37.3
            +---------+---------+-------+---------+---------+-------
        D:1 |      49 |       0 |   0.0 |      27 |       0 |   0.0
        D:2 |      65 |      50 |  43.5 |      25 |      13 |  34.2
        D:3 |     108 |     223 |  67.4 |      26 |       5 |  16.1
        D:4 |     592 |      44 |   6.9 |      25 |      16 |  39.0
        D:5 |     550 |     197 |  26.4 |      20 |       1 |   4.8
        D:6 |     608 |       0 |   0.0 |      17 |       0 |   0.0
        D:7 |    1897 |       0 |   0.0 |      32 |       0 |   0.0
        D:8 |    1748 |    5648 |  76.4 |      24 |      20 |  45.5
        D:9 |    2726 |       0 |   0.0 |      14 |       0 |   0.0
       D:10 |    2658 |       8 |   0.3 |      11 |       4 |  26.7
       D:11 |    1711 |   10404 |  85.9 |      20 |      61 |  75.3
       D:12 |    5486 |    6672 |  54.9 |      45 |      13 |  22.4
       D:13 |    6161 |    4782 |  43.7 |      40 |       8 |  16.7
       D:14 |    5689 |    2120 |  27.1 |      25 |       1 |   3.8
       D:15 |   16122 |    4259 |  20.9 |      43 |       8 |  15.7
     Lair:1 |    2894 |    1805 |  38.4 |      13 |       4 |  23.5
     Lair:2 |    1921 |     440 |  18.6 |      10 |       2 |  16.7
     Lair:3 |    3587 |    1280 |  26.3 |      15 |       2 |  11.8
     Lair:4 |    4011 |       0 |   0.0 |      12 |       0 |   0.0
     Lair:5 |   10883 |   14159 |  56.5 |      29 |      43 |  59.7
     Lair:6 |    8082 |   18452 |  69.5 |      17 |      79 |  82.3
    Swamp:1 |    7264 |       0 |   0.0 |      22 |       0 |   0.0
    Swamp:2 |   12539 |       0 |   0.0 |      28 |       0 |   0.0
    Swamp:3 |   11923 |       0 |   0.0 |      22 |       0 |   0.0
    Swamp:4 |   13342 |    8903 |  40.0 |      40 |      31 |  43.7
    Snake:1 |   20276 |    6931 |  25.5 |      42 |      10 |  19.2
    Snake:2 |    9759 |    5776 |  37.2 |      17 |       3 |  15.0
    Snake:3 |   23035 |    2100 |   8.4 |      43 |      13 |  23.2
    Snake:4 |   26783 |   56363 |  67.8 |      52 |      75 |  59.1
    Slime:1 |    7073 |       0 |   0.0 |       9 |       0 |   0.0
    Slime:2 |    5878 |       0 |   0.0 |       6 |       0 |   0.0
    Slime:3 |    1291 |       0 |   0.0 |       5 |       0 |   0.0
    Slime:4 |    1794 |       0 |   0.0 |       1 |       0 |   0.0
    Slime:5 |   10782 |   28324 |  72.4 |      20 |       9 |  31.0
      Orc:1 |    2210 |     165 |   6.9 |      17 |       1 |   5.6
      Orc:2 |    4227 |    7019 |  62.4 |      34 |      33 |  49.3
      Elf:1 |   17962 |   12890 |  41.8 |      36 |      28 |  43.8
      Elf:2 |   14854 |    1826 |  10.9 |      32 |       2 |   5.9
      Elf:3 |   21564 |   47237 |  68.7 |      32 |      32 |  50.0
   Vaults:1 |   38257 |    6528 |  14.6 |      64 |      11 |  14.7
   Vaults:2 |   26598 |   17266 |  39.4 |      44 |      19 |  30.2
   Vaults:3 |   41231 |   22933 |  35.7 |      60 |      44 |  42.3
   Vaults:4 |   34584 |   33481 |  49.2 |      63 |      30 |  32.3
   Depths:1 |   18374 |   21789 |  54.3 |      22 |      44 |  66.7
   Depths:2 |   41865 |   23583 |  36.0 |      56 |      23 |  29.1
   Depths:3 |   55563 |   66431 |  54.5 |      65 |      62 |  48.8
   Depths:4 |       0 |   75711 | 100.0 |       0 |      56 | 100.0
   Depths:5 |   54724 |   27078 |  33.1 |      36 |      28 |  43.8
      Zot:1 |   26211 |       0 |   0.0 |      16 |       0 |   0.0
      Zot:2 |   66387 |    2375 |   3.5 |      39 |       1 |   2.5
      Zot:3 |   37055 |   28921 |  43.8 |      26 |      15 |  36.6
      Zot:4 |  100301 |       0 |   0.0 |      54 |       0 |   0.0
      Zot:5 |   33082 |  162920 |  83.1 |      16 |      40 |  71.4
    Abyss:4 |    4109 |       0 |   0.0 |       7 |       0 |   0.0
    Abyss:5 |   31359 |    4392 |  12.3 |      58 |       4 |   6.5
     Bailey |       0 |    1321 | 100.0 |       0 |      27 | 100.0
      IceCv |       0 |    3095 | 100.0 |       0 |      11 | 100.0
   Gauntlet |       0 |    1776 | 100.0 |       0 |       6 | 100.0
            +---------+---------+-------+---------+---------+-------

Action                   |  1- 3 |  4- 6 |  7- 9 | 10-12 | 13-15 | 16-18 | 19-21 | 22-24 | 25-27 || total
-------------------------+-------+-------+-------+-------+-------+-------+-------+-------+-------++-------
Melee: Short sword       |    85 |    10 |       |       |       |       |       |       |       ||    95
       Headbutt          |    15 |    43 |    19 |   101 |   435 |   446 |   150 |   622 |   689 ||  2520
       Spear             |       |   309 |   292 |   117 |       |       |       |       |       ||   718
       Trident           |       |       |       |   580 |  1779 |   796 |       |       |       ||  3155
       Demon trident     |       |       |       |       |       |  1033 |   612 |  2069 |  2134 ||  5848
       Unarmed           |       |       |       |       |       |       |       |       |     3 ||     3
Throw: Stone             |     5 |       |       |       |       |       |       |       |       ||     5
       Dart              |       |     7 |    34 |    96 |       |       |       |       |       ||   137
       Javelin           |       |       |       |    22 |    25 |    37 |     5 |    24 |    35 ||   148
       Boomerang         |       |       |       |     1 |       |       |       |       |       ||     1
       Throwing net      |       |       |       |       |       |       |       |       |     3 ||     3
 Cast: Foxfire           |    15 |     5 |       |       |       |       |       |       |       ||    20
Invok: Ancestor Identity |       |     1 |       |       |       |       |       |       |       ||     1
       Recall Ancestor   |       |       |     1 |     2 |     8 |     1 |     2 |     2 |    14 ||    30
       Ancestor Life: He |       |       |     1 |       |       |       |       |       |       ||     1
       Idealise          |       |       |       |     1 |     7 |    11 |     8 |     8 |    17 ||    52
 Abil: Evoke Flight      |       |       |       |     5 |       |       |       |       |       ||     5
       Stop Flying       |       |       |       |       |       |       |       |       |     1 ||     1
       Evoke Blink       |       |       |       |       |       |       |       |       |     8 ||     8
Evoke: Wand              |       |       |       |     2 |    12 |    50 |     3 |     2 |    25 ||    94
       Lightning rod     |       |       |       |       |     2 |     5 |       |       |     1 ||     8
       Sack of spiders   |       |       |       |       |     2 |       |       |     1 |       ||     3
       Box of beasts     |       |       |       |       |     1 |     1 |       |     2 |       ||     4
       Phial of floods   |       |       |       |       |       |     1 |       |       |       ||     1
       Phantom mirror    |       |       |       |       |       |       |       |     1 |       ||     1
  Use: Potion            |       |     2 |       |     1 |     5 |     7 |     2 |     1 |    15 ||    33
       Scroll            |       |     2 |    16 |    16 |    10 |    15 |     4 |     4 |    33 ||   100
 Stab: Sleeping          |     6 |     4 |       |     1 |       |       |       |       |       ||    11
       Distracted        |     1 |     1 |     7 |     8 |    17 |    34 |     6 |    27 |    31 ||   132
       Confused          |       |       |       |    10 |     7 |    13 |    25 |    93 |    64 ||   212
       Invisible         |       |       |       |       |     4 |       |       |       |       ||     4
       Paralysed         |       |       |       |       |    24 |    70 |    10 |    74 |    52 ||   230
       Held in net/web   |       |       |       |       |       |       |       |       |     1 ||     1
  Eat: Chunk             |     3 |     6 |    12 |    21 |    32 |    27 |    10 |    31 |    21 ||   163
       Ration            |       |     1 |     1 |     2 |     1 |     5 |     2 |     1 |    12 ||    25
Armor: Robe              |     7 |       |       |       |       |       |       |       |       ||     7
       Leather armour    |    28 |    28 |       |       |       |       |       |       |       ||    56
       Scale mail        |       |    50 |    35 |       |       |       |       |       |       ||    85
       Chain mail        |       |       |    23 |   107 |   143 |   522 |   113 |   337 |   127 ||  1372
       Ring mail         |       |       |       |    62 |   189 |       |       |       |       ||   251
       Gold dragon scale |       |       |       |       |       |       |       |       |   414 ||   414
Dodge: Dodged            |    71 |   124 |   107 |   304 |   757 |   567 |   131 |   574 |   516 ||  3151
Block: Buckler           |    15 |    36 |    33 |   134 |   266 |   292 |    53 |   336 |   140 ||  1305
       Tower shield      |       |       |       |       |       |       |       |       |   705 ||   705
       Rpst.: Trident    |       |       |       |       |   118 |    45 |       |       |       ||   163
       Demon trident     |       |       |       |       |       |    60 |    33 |    82 |    46 ||   221
